 Dungeon Crawl Stone Soup version 0.28-a0-1486-g8196b01e9b (webtiles) character file.

Game seed: 13278448035192556207

1498 Nattfarinn the Covert (level 9, -3/55 HPs)
             Began as a Kobold Brigand on Jan 12, 2022.
             Slain by a gnoll (14 damage)
             ... on level 5 of the Dungeon.
             The game lasted 00:08:43 (5921 turns).

Nattfarinn the Covert (Kobold Brigand)              Turns: 5921, Time: 00:08:44

Health: -3/55      AC:  5    Str:  8    XL:     9   Next: 8%
Magic:  9/9        EV: 14    Int: 12    God:
Gold:   158        SH:  0    Dex: 21    Spells: 8/8 levels left

rFire   . . .      SeeInvis +   r - +3 dagger (speed)
rCold   . . .      Faith    .   (no shield)
rNeg    . . .      Spirit   .   e - +1 robe {Will+}
rPois   .          Reflect  .   (no helmet)
rElec   .          Harm     .   c - +0 cloak
rCorr   +          Rampage  .   o - +0 pair of gloves
Will    +....                   (no boots)
Stlth   ++++++....              (no amulet)
HPRegen 0.18/turn               k - ring of see invisible
MPRegen 0.11/turn               s - ring of resist corrosion

@: no status effects
A: small, no large weapons, nightstalker 3
a: no special abilities


You were on level 5 of the Dungeon.
You visited 1 branch of the dungeon, and saw 5 of its levels.

You collected 158 gold pieces.

Inventory:

Hand Weapons
 a - a +2 dagger
 r - a +3 dagger of speed (weapon)
Missiles
 d - 53 poisoned darts (quivered)
Armour
 b - a +3 leather armour of fire resistance
 c - a +0 cloak (worn)
 e - a +1 robe of willpower (worn)
 o - a +0 pair of gloves (worn)
Jewellery
 k - a ring of see invisible (left hand)
 s - a ring of resist corrosion (right hand)
Wands
 x - a wand of flame (20)
Scrolls
 g - 4 scrolls of identify
 p - 2 scrolls of immolation
Potions
 f - a potion of cancellation
 h - a potion of haste {unknown}
 i - a potion of flight {unknown}
 j - 4 potions of curing
 l - a potion of ambrosia {unknown}
 m - 2 potions of heal wounds {unknown}
 n - 2 potions of berserk rage {unknown}
 q - a potion of brilliance {unknown}
 t - 2 potions of resistance {unknown}
 u - a potion of attraction {unknown}


   Skills:
 + Level 6.1 Fighting
 * Level 7.5 Short Blades
 - Level 2.1 Throwing
 - Level 1.2 Dodging
 + Level 11.8 Stealth


You had 8 spell levels left.
You didn't know any spells.
Your spell library contained the following spells:

 Spells                   Type           Power      Damage    Failure   Level
 Slow                     Hex            0%         N/A       32%         1
 Confusing Touch          Hex            0%         N/A       69%         3
 Vampiric Draining        Necr           0%         2d6       69%         3
 Airstrike                Air            0%         N/A       97%         4
 Summon Ice Beast         Ice/Summ       0%         N/A       97%         4
 Summon Lightning Spire   Summ/Air       0%         N/A       97%         4
 Lightning Bolt           Conj/Air       0%         1d11      100%        5
 Summon Mana Viper        Hex/Summ       0%         N/A       100%        5
 Monstrous Menagerie      Summ           0%         N/A       100%        7


Dungeon Overview and Level Annotations

Branches:
Dungeon (5/15)
 Temple: D:4-7

Altars:
Hepliaklqana

Annotations:
D:4 1 runed translucent door, Crazy Yiuf


Innate Abilities, Weirdness & Mutations

You are small and have problems with some larger weapons.
You are completely attuned to the shadows.


Message History

You are too injured to fight recklessly!
You are too injured to fight recklessly!
You are too injured to fight recklessly!
You are too injured to fight recklessly!
You are too injured to fight recklessly!
You are too injured to fight recklessly!
You are too injured to fight recklessly!
You are too injured to fight recklessly!
You are too injured to fight recklessly!
You are too injured to fight recklessly!
You are too injured to fight recklessly!
You are too injured to fight recklessly!
You are too injured to fight recklessly!
You are too injured to fight recklessly!
You are too injured to fight recklessly!
You are too injured to fight recklessly!
You are too injured to fight recklessly!
You are too injured to fight recklessly!
You are too injured to fight recklessly!
You are too injured to fight recklessly!
You barely miss the gnoll shaman.
The gnoll shaman is almost dead.
The gnoll misses you. The gnoll shaman closely misses you.
You hit the gnoll shaman but do no damage.
The gnoll shaman is almost dead.
You hit the gnoll shaman but do no damage.
The gnoll shaman is almost dead.
The gnoll barely misses you.
You hit the gnoll shaman.
The gnoll shaman is almost dead.
The gnoll shaman hits you with a +0 club.
The gnoll barely misses you.
You barely miss the gnoll shaman.
The gnoll shaman is almost dead.
You hit the gnoll shaman.
You kill the gnoll shaman!
The gnoll hits you from afar with a +0 halberd!
* * * LOW HITPOINT WARNING * * *
The gnoll hits you from afar with a +0 halberd!
You die...

.######
......########
........)g.@.#
..#)########.#
#. .......# ..
#####..# >##
#..# #..#
#..##########
#...........#
##....#####.#


You could see a gnoll (fast).

Vanquished Creatures
  Grinder (D:4)
  Sigmund (D:4)
  Eustachio (D:5)
  A steam dragon (D:3)
  Menkaure (D:5)
  Edmund (D:5)
  A water moccasin (D:5)
  3 ogres
  A jelly (D:4)
  A hound (D:4)
  An orc priest (D:3)
  A gnoll shaman (D:5)
  An iguana (D:4)
  5 gnolls
  2 adders
  An ufetubus (D:3)
  9 orcs
  10 ball pythons
  5 bats
  6 endoplasms
  2 giant cockroaches
  3 goblins
  3 hobgoblins
  7 jackals
  5 kobolds
  3 quokkas
  3 frilled lizards
  3 rats
82 creatures vanquished.

Notes
Turn   | Place    | Note
-------+----------+-------------------------------------------
     0 | D:1      | Nattfarinn the Kobold Brigand began the quest for the Orb.
     0 | D:1      | Reached XP level 1. HP: 12/12 MP: 1/1
   186 | D:1      | Found a faded altar of an unknown god.
   226 | D:1      | Reached XP level 2. HP: 16/18 MP: 2/2
   715 | D:2      | Reached skill level 6 in Stealth
   715 | D:2      | Reached XP level 3. HP: 17/22 MP: 3/3
  1390 | D:2      | Found a hazy altar of Hepliaklqana.
  1474 | D:3      | Noticed a steam dragon
  1476 | D:3      | Reached XP level 4. HP: 27/27 MP: 4/4
  1478 | D:3      | Killed a steam dragon
  1479 | D:3      | Reached skill level 7 in Stealth
  1479 | D:3      | Reached XP level 5. HP: 32/32 MP: 5/5
  1628 | D:3      | Reached XP level 6. HP: 18/37 MP: 6/6
  2413 | D:3      | Reached skill level 8 in Stealth
  2890 | D:3      | Noticed an ogre
  2894 | D:3      | Killed an ogre
  2895 | D:3      | Reached skill level 5 in Short Blades
  3150 | D:4      | Noticed Grinder
  3158 | D:4      | Noticed an ogre
  3160 | D:4      | Noticed Sigmund
  3169 | D:4      | Killed an ogre
  3170 | D:4      | Reached XP level 7. HP: 25/44 MP: 7/7
  3389 | D:4      | Found Jodghiw's Assorted Antiques.
  3396 | D:4      | Reached skill level 9 in Stealth
  3511 | D:4      | Found a runed translucent door.
  3514 | D:4      | Noticed Crazy Yiuf
  4655 | D:4      | Paralysed by Grinder for 3 turns
  4665 | D:4      | Killed Grinder
  4666 | D:4      | Reached skill level 5 in Fighting
  4666 | D:4      | Reached skill level 10 in Stealth
  4666 | D:4      | Reached XP level 8. HP: 11/49 MP: 8/8
  5222 | D:4      | Killed Sigmund
  5361 | D:5      | Entered Level 5 of the Dungeon
  5361 | D:5      | Noticed Edmund
  5364 | D:5      | Killed Edmund
  5452 | D:5      | Noticed Eustachio
  5456 | D:5      | Killed Eustachio
  5457 | D:5      | Reached skill level 11 in Stealth
  5474 | D:5      | Noticed Menkaure
  5483 | D:5      | Killed Menkaure
  5484 | D:5      | Reached XP level 9. HP: 20/55 MP: 9/9
  5921 | D:5      | Slain by a gnoll

Illustrated notes

Levels and vault maps discovered:
D:1:      eino_arrival_water_cross, layout_basic,
          ebering_ecumenical_altar_abandoned
D:2:      layout_loops_ring, basic_altar
D:3:      minmay_spotlight, layout_basic
D:4:      layout_basic, serial_shops, nicolae_shop_competitors_out_of_business,
          serial_co_window_serial, co_window_corner_a,
          co_window_of_opportunity_a, co_window_corner_a, co_window_paths_b,
          co_window_of_opportunity_a, co_window_corner_b, co_window_broadway_a,
          co_window_unsneaky_path_b, co_window_broadway_a, co_window_corner_b,
          co_window_unsneaky_path_a, co_window_corner_b, glass_columns_a,
          uniq_grinder, uniq_sigmund, uniq_crazy_yiuf_cottage
D:5:      layout_basic, mainiacjoe_overflow_concentric_impassable,
          uniq_eustachio, uniq_edmund, uniq_menkaure

Skill      XL: |  1  2  3  4  5  6  7  8 |
---------------+-------------------------+-----
Short Blades   | 3 4 5 6 7 |  7.5
Stealth        | 6 7 8 10 11 | 11.8
Fighting       | 3 4 5 6 |  6.1
Throwing       | |  2.1
Dodging        | |  1.2

Action                   |  1- 3 |  4- 6 |  7- 9 || total
-------------------------+-------+-------+-------++-------
Melee: Dagger            |    89 |   112 |   160 ||   361
       Punch             |     1 |     2 |     5 ||     8
Throw: Dart              |       |     3 |     6 ||     9
  Use: Potion            |       |     1 |     1 ||     2
       Scroll            |       |       |     5 ||     5
 Stab: Sleeping          |    19 |     6 |     9 ||    34
       Distracted        |       |     1 |     1 ||     2
Armor: Robe              |    16 |    15 |    14 ||    45
Dodge: Dodged            |    37 |    63 |    54 ||   154

Table legend: (Time is in decaauts)
 A = Elapsed time spent in this place.
 B = Non-inter-level travel time spent in this place.
 C = Inter-level travel time spent in this place.
 D = Time resting spent in this place.
 E = Time spent auto-exploring this place.
 F = Levels seen in this place.
 G = Mean time per level.
                   A        B        C        D        E       F      G
               +--------+--------+--------+--------+--------+-----+--------+
         Total |   5768 |   5484 |    284 |   1464 |   3352 |   5 | 1153.6 |
       Dungeon |   5768 |   5484 |    284 |   1464 |   3352 |   5 | 1153.6 |
               +--------+--------+--------+--------+--------+-----+--------+

Top non-repeatable levels by time:
     D:4: 1892 daAuts
     D:3: 1681 daAuts
     D:2: 1166 daAuts
     D:5: 530 daAuts
     D:1: 498 daAuts
